 Dungeon Crawl Stone Soup version 0.30.0 (webtiles) character file.

Game seed: 11417424940658434153

3340 Esper the Grappler (level 9, 93/93 HPs)
             Began as a Troll Cinder Acolyte on May 31, 2023.
             Was a High Priest of Ignis.
             Quit the game on level 8 of the Dungeon on Oct 25, 2023.
             The game lasted 00:26:06 (7550 turns).

Esper the Grappler (Troll Cinder Acolyte)           Turns: 7550, Time: 00:26:07

Health: 93/93      AC:  7    Str: 28    XL:     9   Next: 72%
Magic:  9/9        EV: 10    Int: 10    God:    Ignis [*****.]
Gold:   542        SH:  0    Dex:  5    Spells: 10/10 levels left

rFire   + +          .
                       - Unarmed
rCold   . . .        (no shield)
rNeg    . . .        y - +0 steam dragon scales
rPois   .            (helmet restricted)
rElec   .            (no cloak)
rCorr   .            (gloves unavailable)
SInv    .            (boots unavailable)
Will    +....        (no amulet)
Stlth   +            j - ring of protection from fire
HPRegen 1.15/turn    a - ring of willpower
MPRegen 0.11/turn

%: no passive effects
@: no status effects
A: large, unfitting armour, claws 3, regeneration 1, shaggy fur 1, tough skin 1
a: Renounce Religion, Fiery Armour, Foxfire Swarm, Rising Flame


You were on level 8 of the Dungeon.
You worshipped Ignis.
Ignis was extremely pleased with you.
You visited 2 branches of the dungeon, and saw 9 of its levels.

You collected 542 gold pieces.

Inventory:

Missiles
 B - 3 throwing nets (quivered)
Armour
 y - +0 steam dragon scales (worn)
Jewellery
 a - a ring of willpower (right claw)
 j - a ring of protection from fire (left claw)
 z - a ring of ice
Wands
 s - a wand of digging (4)
 v - a wand of flame (24)
 A - a wand of roots (10)
 C - a wand of charming (3)
Scrolls
 c - 2 scrolls of teleportation
 d - 3 scrolls of identify {unknown}
 e - a scroll of immolation {unknown}
 g - a scroll of silence {unknown}
 i - a scroll of noise {unknown}
 l - 2 scrolls of enchant weapon {unknown}
 p - a scroll of torment {unknown}
 q - a scroll of fog {unknown}
 r - a scroll of magic mapping {unknown}
 t - 3 scrolls of vulnerability {unknown}
 u - a scroll of brand weapon {unknown}
Potions
 b - a potion of curing
 f - a potion of might {unknown}
 h - a potion of haste {unknown}
 k - a potion of heal wounds {unknown}
 m - 2 potions of magic {unknown}
 n - a potion of degeneration {unknown}
 o - a potion of brilliance {unknown}
 w - a potion of mutation {unknown}
 x - a potion of experience {unknown}
 D - a potion of attraction {unknown}


   Skills:
 + Level 7.2 Fighting
 + Level 6.5 Dodging
 + Level 8.5 Unarmed Combat
 - Level 1.0 Spellcasting
 - Level 2.1 Fire Magic


You had 10 spell levels left.
You didn't know any spells.
Your spell library contained the following spells:

 Spells                   Type           Power      Damage    Failure   Level
 Scorch                   Fire           8%         2d5       22%         2
 Magic Dart               Conj           0%         1d3       34%         1
 Call Imp                 Summ           0%         N/A       45%         2
 Volatile Blastmotes      Fire/Tloc      4%         2d10      54%         3
 Call Canine Familiar     Summ           0%         N/A       71%         3
 Dazzling Flash           Conj/Hex       0%         N/A       71%         3
 Mephitic Cloud           Conj/Pois/Air  0%         N/A       71%         3
 Portal Projectile        Hex/Tloc       0%         N/A       71%         3
 Iskenderun's Mystic Bla  Conj/Tloc      0%         2d3       98%         4
 Leda's Liquefaction      Hex/Erth       0%         N/A       98%         4
 Blade Hands              Tmut           0%         N/A       100%        5
 Irradiate                Conj/Tmut      0%         3d11      100%        5
 Starburst                Conj/Fire      1%         6d3       100%        6
 Dragon Form              Tmut           0%         N/A       100%        7


Dungeon Overview and Level Annotations

Branches:
Dungeon (8/15)             Temple (1/1) D:6
   Lair: D:8-11

Altars:
Cheibriados
Elyvilon
Fedhas
Gozag
Hepliaklqana
Kikubaaqudgha
Makhleb
Okawaru
Qazlal
Ru
Sif Muna
Trog
Uskayaw
Vehumet
Xom
Yredelemnul
Zin
The Shining One

Shops:
D:5 =

Annotations:
D:8 exclusion: 4 doors, Gastronok, Pikel


Innate Abilities, Weirdness & Mutations

You are too large for most types of armour.
You have claws for hands.
Your natural rate of healing is unusually fast.
You are covered in fur. (AC +1)
You have tough skin. (AC +1)


Message History

Something tries to affect you, but you resist.
You mangle something!!
Reactivating autopickup.
You feel a bit more experienced.
Your Fighting skill increases to level 7!
You start resting.
HP restored.
C - a wand of charming (3);
D - an amethyst potion
Things that are here:
a +2 scimitar of flaming; a +0 robe
Found a stone staircase leading down.
You now have 530 gold pieces (gained 21).
There is a stone staircase leading down here.
A lemure comes into view.
Your fiery armour burns out.
The lemure shouts!
You mangle the lemure!!
The lemure is almost dead.
The lemure hits you.
You scratch the lemure.
You kill the lemure!
That felt strangely unrewarding.
No target in view!
You now have 542 gold pieces (gained 12).
Pikel, Merchant of Souls comes into view.
He is wielding a +0 whip of freezing.
Found a diamond ring.
Pikel drinks a potion.
Pikel flickers and vanishes!
Deactivating autopickup; reactivate with Ctrl-A.
No target in view!
Clearing travel trail.
You close the large door.
Saving game... please wait.
Level annotation: exclusion: 4 doors, Gastronok, Pikel Welcome back, Esper the Troll Cinder Acolyte.
The flames of Ignis gently warm you.
Press ? for a list of commands and other information.
Level annotation: exclusion: 4 doors, Gastronok, Pikel Welcome back, Esper the Troll Cinder Acolyte.
The flames of Ignis gently warm you.
Press ? for a list of commands and other information.
Are you sure you want to abandon this character and quit the game? (Confirm with "yes".)

###.## #........##
#.# ..........# #.#
........... #.#
........... #.#
............ #.#
.......$.w... #.#
....{.........
###.#.......8..8....
#..@+...............
#...+...............
#...#.......8..8....
#...#.$.............
###+#...............
..............
#.............
#=...........
.........#


There were no monsters in sight!

Vanquished Creatures
  Erica (D:8)
  Sigmund (D:5)
  A vampire (D:5)
  Eustachio (D:5)
  2 steam dragons
  Menkaure (D:6)
  Duvessa (D:4)
  An ogre (D:5)
  2 centaurs (D:7)
  A phantom (D:6)
  A lemure (D:8)
  A kobold brigand (D:5)
  Blork the orc (D:6)
  A gnoll sergeant (D:8)
  4 bullfrogs
  Dowan (D:4)
  4 killer bees (D:8)
  4 hounds
  2 jellies
  2 orc priests
  A sleepcap (D:5)
  Crazy Yiuf (D:6)
  Natasha (thrice) (D:4)
  An iguana (D:5)
  2 orc wizards
  7 gnolls
  14 adders
  A shadow imp (D:6)
  2 white imps (D:7)
  An ufetubus (D:5)
  An adder skeleton (D:2)
  An adder zombie (D:2)
  5 dart slugs
  24 orcs
  10 ball pythons
  2 bats
  5 endoplasms
  3 giant cockroaches
  2 goblins (D:3)
  5 hobgoblins
  5 jackals (D:1)
  2 quokkas
  2 frilled lizards
  A jackal zombie (D:2)
  9 kobolds
  6 rats
149 creatures vanquished.

Vanquished Creatures (others)
  14 foxfires (D:8)
14 creatures vanquished.

Grand Total: 163 creatures vanquished

Notes
Turn   | Place    | Note
-------+----------+-------------------------------------------
     0 | D:1      | Esper the Troll Cinder Acolyte began the quest for the Orb.
     0 | D:1      | Reached XP level 1. HP: 22/22 MP: 1/1
   177 | D:1      | Reached XP level 2. HP: 29/29 MP: 2/2
   252 | D:1      | Reached skill level 1 in Dodging
   362 | D:1      | Reached XP level 3. HP: 36/36 MP: 3/3
  1345 | D:3      | Reached XP level 4. HP: 41/45 MP: 4/4
  1351 | D:3      | Reached skill level 4 in Unarmed Combat
  1420 | D:3      | Identified the +1 leather armour "Nyryhuwk" {rPois Will++
                  | SInv}
  1577 | D:3      | Found a faded altar of an unknown god.
  2013 | D:3      | Reached XP level 5. HP: 48/49 MP: 5/5
  2223 | D:4      | Noticed Dowan
  2223 | D:4      | Noticed Duvessa
  2433 | D:4      | Killed Duvessa
  2434 | D:4      | Reached XP level 6. HP: 57/62 MP: 6/6
  2445 | D:4      | Killed Dowan
  2533 | D:4      | Reached skill level 5 in Unarmed Combat
  2808 | D:4      | Noticed Natasha
  2822 | D:4      | Killed Natasha
  2823 | D:4      | Reached XP level 7. HP: 34/70 MP: 7/7
  3266 | D:4      | Noticed Natasha
  3272 | D:4      | Killed Natasha
  3540 | D:4      | Noticed Natasha
  3543 | D:4      | Killed Natasha
  3554 | D:5      | Entered Level 5 of the Dungeon
  3574 | D:5      | Identified the +0 plate armour of Patience {*Slow rF+
                  | Regen+ rCorr}
  3576 | D:5      | Noticed Eustachio
  3609 | D:5      | Noticed a vampire
  3646 | D:6      | Found a staircase to the Ecumenical Temple.
  3653 | Temple   | Entered the Ecumenical Temple
  3978 | D:6      | Noticed Blork the orc
  3985 | D:6      | Killed Blork the orc
  4209 | D:6      | Noticed Menkaure
  4216 | D:6      | Killed Menkaure
  4217 | D:6      | Reached skill level 5 in Fighting
  4217 | D:6      | Reached skill level 6 in Unarmed Combat
  4306 | D:6      | Reached XP level 8. HP: 74/80 MP: 8/8
  4634 | D:6      | Found a runed translucent door.
  4635 | D:6      | Noticed Crazy Yiuf
  4923 | D:6      | Killed Crazy Yiuf
  5110 | D:5      | Reached skill level 5 in Dodging
  5319 | D:5      | Reached skill level 7 in Unarmed Combat
  6066 | D:5      | Killed Eustachio
  6109 | D:5      | Found Ytwame's Jewellery Shop.
  6147 | D:5      | Noticed Sigmund
  6611 | D:5      | Killed Sigmund
  6612 | D:5      | Reached XP level 9. HP: 87/89 MP: 9/9
  6682 | D:5      | Found Ytwame's Jewellery Shop.
  7066 | D:7      | Noticed a cyclops
  7066 | D:7      | Noticed a manticore
  7066 | D:7      | Noticed a manticore
  7066 | D:7      | Noticed a cyclops
  7066 | D:7      | Noticed a troll
  7149 | D:8      | Noticed Erica
  7225 | D:8      | Reached skill level 8 in Unarmed Combat
  7311 | D:8      | Noticed Gastronok
  7390 | D:8      | Killed Erica
  7548 | D:8      | Noticed Pikel
  7550 | D:8      | Quit the game

Illustrated notes

Levels and vault maps discovered:
D:1:      kilobyte_arrival_exit_the_forest, layout_rooms, serial_curves,
          eino_curves_02, eino_curves_03
D:2:      layout_loops_ring, serial_undead, serial_undead_e, serial_undead_d,
          serial_undead_f, serial_undead_c
D:3:      layout_basic, hellmonk_ecumenical_altar_lost_god
D:4:      layout_basic, uniq_natasha, uniq_duvessa
D:5:      layout_cave_pools, serial_shops, shop, uniq_eustachio, uniq_sigmund
D:6:      nicolae_cairo_tiling_large, layout_basic,
          minmay_temple_entry_junction_2, uniq_crazy_yiuf_cottage,
          uniq_blork_the_orc, uniq_menkaure
D:7:      minmay_the_grid_triangle_9x9_recursive_2
          [minmay_the_grid_triangle_9x9_prize_insulated,
          minmay_the_grid_triangle_9x9_negative_grid,
          minmay_the_grid_triangle_9x9_stretched_checkered,
          minmay_the_grid_triangle_9x9_swiss_cheese], layout_cave_pools,
          minivault_19, hex_tiny, nicolae_wand_duel
D:8:      layout_basic, kennysheep_cross_room, minmay_between, uniq_pikel,
          uniq_gastronok, uniq_erica
Temple:   nicolae_temple_bog_church

Skill      XL: |  1  2  3  4  5  6  7  8  9 |
---------------+----------------------------+-----
Dodging        | 1 2 3 4 5 6 |  6.5
Fighting       | 3 4 5 6 7 |  7.2
Unarmed Combat | 4 5 6 7 8 |  8.5
Spellcasting   | |  1.0
Fire Magic     | |  2.1

Action                     |  1- 3 |  4- 6 |  7- 9 || total
---------------------------+-------+-------+-------++-------
  Melee: Unarmed           |   107 |   106 |   227 ||   440
         Punch             |     1 |       |     7 ||     8
 Invoke: Fiery Armour      |       |     1 |     1 ||     2
         Foxfire Swarm     |       |       |     1 ||     1
  Evoke: Wand              |       |       |     1 ||     1
    Use: Potion            |       |       |     4 ||     4
         Scroll            |       |       |     2 ||     2
 Armour: Robe              |    34 |    36 |    20 ||    90
         Steam dragon scal |       |       |   117 ||   117
  Dodge: Dodged            |    48 |    46 |   169 ||   263
